 Dungeon Crawl Stone Soup version 0.21.1-1-g345015f (webtiles) character file.

380891 letownia2 the Phalangite (level 22, -21/188 HPs)
             Began as a Merfolk Skald on Mar 16, 2018.
             Was an Elder of Cheibriados.
             Demolished by an orc warlord
             ... wielding a +2 war axe of distortion
              (32 damage)
             ... on level 8 of a ziggurat.
             The game lasted 03:01:00 (22793 turns).

letownia2 the Phalangite (Merfolk Skald)           Turns: 22793, Time: 03:01:00

Health: -21/188    AC: 22    Str: 20    XL:     22   Next: 51%
Magic:  30/38      EV: 25    Int: 31    God:    Cheibriados [****..]
Gold:   4602       SH:  0    Dex: 25    Spells: 4/38 levels left

rFire    + + +     SeeInvis +   b - +0 bardiche (vamp)
rCold    + + +     Gourm    .   (shield currently unavailable)
rNeg     + . .     Faith    +   H - +3 chain mail of the Aged Planets {rF+ MR+ rCorr Str-3}
rPois    +         Spirit   .   p - +0 Maxwell's etheric cage {RegenMP+ *Contam rElec MP+4}
rElec    +         Reflect  .   F - +2 cloak "Detuisec" {rPois rC+}
rCorr    +         Harm     .   T - +0 pair of gloves {archery}
MR       +++..                  B - +2 pair of boots of the Assassin {Detection Stab+ Stlth++}
Stlth    +.........             m - amulet of Unaer {Faith Fragile rF+ rC+ Str-2 Int+6}
HPRegen  1.41/turn              E - ring of the Real Monster {+Inv rElec rF+ rC+ SInv} MPRegen 0.76/turn*
                                o - ring "Bunuakla" {Wiz rN+ Slay+3}

@: very slightly contaminated, regenerating, very slow
A: change form in water, swift swim, stealthy swim, clumsy 1, fire resistance 2,
magic resistance 1
}: 3/15 runes: decaying, serpentine, silver
a: Bend Time, Temporal Distortion, Slouch, Renounce Religion, Evoke Invisibility


You were on level 8 of a ziggurat.
You worshipped Cheibriados.
Cheibriados was greatly pleased with you.
You were not hungry.

You visited 9 branches of the dungeon, and saw 42 of its levels.
You visited the Abyss 1 time.
You visited 1 ziggurat, and saw 8 of its levels.
You also visited: Ice Cave and Wizlab.

You collected 6513 gold pieces.
You spent 1911 gold pieces at shops.

Inventory:

Hand Weapons
 a - a +4 bardiche of chopping
 b - a +0 vampiric bardiche (weapon)
Armour
 p - the +0 Maxwell's etheric cage (worn) {RegenMP+ *Contam rElec MP+4}
   (You found it on level 3 of the Elven Halls)

   It insulates you from electricity.
   It affects your magic capacity (+4).
   It causes magical contamination when unequipped.
 B - the +2 pair of boots of the Assassin (worn) {Detection Stab+ Stlth++}
   (You found it on level 3 of the Elven Halls)

   It makes you much more stealthy.
 C - +0 ice dragon scales
 F - the +2 cloak "Detuisec" (worn) {rPois rC+}
   (You found it in a wizard's laboratory)

   It protects you from cold.
   It protects you from poison.
 H - the +3 chain mail of the Aged Planets (worn) {rF+ MR+ rCorr Str-3}
   (You bought it in a shop on level 7 of the Dungeon)

   It affects your strength (-3).
   It protects you from fire.
   It affects your resistance to hostile enchantments.
   It protects you from acid and corrosion.
 T - a +0 pair of gloves of archery (worn)
Magical Staves
 w - an uncursed staff of wizardry
Jewellery
 f - the ring of the Death Scarab {rPois rC+ MR++}
   (You acquired it on level 5 of the Vaults)

   [ring of poison resistance]

   It protects you from cold.
   It protects you from poison.
   It affects your resistance to hostile enchantments.
 m - the amulet of Unaer (around neck) {Faith Fragile rF+ rC+ Str-2 Int+6}
   (You bought it in a shop on level 2 of the Orcish Mines)

   [amulet of faith]

   It allows you to gain divine favour quickly.
   It affects your strength (-2).
   It affects your intelligence (+6).
   It protects you from fire.
   It protects you from cold.
   It will be destroyed if unequipped.
 o - the ring "Bunuakla" (right hand) {Wiz rN+ Slay+3}
   (You bought it in a shop on level 2 of the Orcish Mines)

   [ring of wizardry]

   It improves your spell success rate.
   It affects your accuracy and damage with ranged weapons and melee attacks
   (+3).
   It protects you from negative energy.
 E - the ring of the Real Monster (left hand) {+Inv rElec rF+ rC+ SInv}
   (You found it on level 5 of a ziggurat)

   [ring of see invisible]

   It protects you from fire.
   It protects you from cold.
   It insulates you from electricity.
   It lets you see invisible.
   It lets you turn invisible.
 V - a +3 ring of slaying
 X - the ring "Kuikaeni" {rN+ EV+2}
   (You took it off a deep elf demonologist on level 3 of the Elven Halls)

   [ring of evasion]

   It affects your evasion (+2).
   It protects you from negative energy.
Wands
 j - a wand of digging (22)
 k - a wand of acid (15)
 s - a wand of paralysis (37)
 y - a wand of iceblast (22)
 J - a wand of flame (99)
 S - a wand of scattershot (12)
Scrolls
 c - 4 scrolls of holy word
 e - 3 scrolls of identify
 g - 13 scrolls of teleportation
 r - a scroll of immolation
 v - 5 scrolls of remove curse
 x - 3 scrolls of fog
 I - 3 scrolls of fear
 K - 6 scrolls of enchant armour
 N - a scroll of summoning
 P - a scroll of blinking
Potions
 h - 2 potions of ambrosia
 l - 2 potions of agility
 q - a potion of might
 z - 2 potions of brilliance
 A - a potion of lignification
 D - a potion of heal wounds
 G - 4 potions of mutation
 M - 7 potions of curing
 Q - a potion of cancellation
 R - 5 potions of resistance
 W - 4 potions of magic
 Y - a potion of flight
Miscellaneous
 n - a fan of gales
 t - 3 phantom mirrors
 u - a lamp of fire
 L - 2 boxes of beasts
 O - a lightning rod (4/4)
Comestibles
 d - 25 rations


   Skills:
 - Level 19.4 Fighting
 - Level 26.0 Polearms
 + Level 5.8 Armour
 - Level 22.4 Dodging
 + Level 8.8 Spellcasting
 - Level 2.8 Conjurations
 - Level 1.4 Hexes
 - Level 12.8 Charms
 - Level 4.9 Necromancy
 - Level 3.4 Translocations
 - Level 2.5 Fire Magic
 - Level 5.0 Air Magic
 - Level 10.8 Invocations
 - Level 4.7 Evocations


You had 4 spell levels left.
You knew the following spells:

 Your Spells              Type           Power        Failure   Level  Hunger
b - Blink                 Tloc           N/A          4%          2    None
c - Conjure Flame         Conj/Fire      ####....     13%         3    None
e - Mephitic Cloud        Conj/Pois/Air  ####....     13%         3    None
g - Regeneration          Chrm/Necr      ######....   1%          3    None
j - Portal Projectile     Hex/Tloc       ####..       16%         3    None
k - Animate Skeleton      Necr           N/A          1%          1    None
l - Song of Slaying       Chrm           #######.     1%          2    None
p - Passage of Golubria   Tloc           N/A          32%         4    None
r - Deflect Missiles      Chrm/Air       ######....   43%         6    #####..
t - Shroud of Golubria    Chrm/Tloc      ######....   1%          2    None
w - Sublimation of Blood  Necr           #####.....   2%          2    None
x - Spectral Weapon       Hex/Chrm       ######..     2%          3    None


Dungeon Overview and Level Annotations

Branches:
Dungeon (15/15)            Temple (1/1) D:6            Lair (6/6) D:8
  Swamp (4/4) Lair:2        Snake (4/4) Lair:3        Slime (0/5) Lair:6
    Orc (2/2) D:11            Elf (3/3) Orc:2        Vaults (5/5) D:14
 Depths (2/5) D:15
  Crypt: Vaults:2-3

Altars:
Ashenzari
Cheibriados
Dithmenos
Elyvilon
Fedhas
Gozag
Hepliaklqana
Kikubaaqudgha
Makhleb
Nemelex Xobeh
Okawaru
Qazlal
Ru
Sif Muna
Trog
Uskayaw
Vehumet
Wu Jian
Xom
Yredelemnul
Zin
The Shining One
Beogh

Shops:
D:4 =   D:5 (   D:7 [   D:8 (   D:11 (   Orc:2 }?=:   Elf:3 *   Vaults:2 !

Portals:
Pandemonium: Depths:1


Innate Abilities, Weirdness & Mutations

You revert to your normal form in water.
You are very nimble and swift while swimming.
You are very stealthy in the water. (Stealth+)
You are clumsy. (Dex -2)
Your flesh is very heat resistant. (rF++)
You are resistant to hostile enchantments. (MR+)


Message History

Cheibriados thoroughly appreciates the change of pace.
You feel somewhat more hungry.
You can no longer step out of the time flow.
Cheibriados lowers the support of your attributes as your movement quickens.
The orc warlord hits you with a war axe of distortion!!
Space warps horribly around you!
The orc sorcerer casts a spell.
Unknown command.
Unknown command.
Casting: Mephitic Cloud
Confirm with . or Enter, or press ? or * to list all spells.
You blink.
The orc warrior no longer looks unusually strong. x2
The juggernaut hits you!
* * * LOW HITPOINT WARNING * * *
The juggernaut hits you!!!
* * * LOW HITPOINT WARNING * * *
The orc warlord hits you but does no damage.
The orc warlord hits you with a war axe of distortion!!
You die...

▓▓▓▓▓.▓▓▓▓▓
▓▓.........▓▓▓
.............▓▓
..#.......#...▓▓
...............▓
}.....o........▓
$[....[.)y.....▓▓
/:..o3.oo.C..∩..▓
%:..)..o.@C§...▓▓
.......T..o....▓
.......o.......▓
..#.......#...▓▓
.............▓▓
▓▓.........▓▓▓
▓▓▓▓▓.▓▓▓▓▓ ▓▓


You could see 2 juggernauts, 2 orc warlords, a moth of wrath, a troll, a
neqoxec, an orc sorcerer and 4 orc warriors.

Vanquished Creatures
  3 ancient liches
  Sojobo (Vaults:3)
  the Lernaean hydra (Swamp:4)
  3 golden dragons
  5 tentacled monstrosities
  A lich (Vaults:5)
  2 deep elf master archers (Elf:3)
  3 deep elf blademasters
  An eldritch tentacle (WizLab)
  4 sphinxes
  3 ancient champions
  2 shadow dragons (Vaults:5)
  A thorn hunter (Swamp:4)
  7 tengu reavers
  A storm dragon (Vaults:5)
  9 nagarajas (Snake:4)
  A frost giant (Vaults:5)
  3 deep elf sorcerers (Elf:3)
  2 fire giants
  8 deep elf elementalists
  An orc warlord (Zig:2)
  2 vault wardens
  A curse skull (Zig:5)
  A draconian shifter (WizLab)
  2 war gargoyles (Vaults:5)
  5 very ugly things
  A draconian annihilator (Zig:3)
  5 ironheart preservers
  A reaper (Zig:6)
  8 stone giants
  A vampire knight (Zig:5)
  A black draconian (Zig:3)
  9 deep elf demonologists
  A spark wasp (shapeshifter) (Vaults:5)
  A purple draconian (Zig:3)
  8 deep elf annihilators
  A merfolk javelineer (Zig:4)
  A white draconian (WizLab)
  The ghost of hadoken the Frost Mage, a journeyman GrIE of Sif Muna (Lair:5)
  3 eidola
  2 green deaths (Swamp:4)
  2 blizzard demons (IceCv)
  3 fire dragons
  7 deep elf death magi
  A great orb of eyes (Depths:2)
  6 ettins
  12 yaktaur captains
  3 deep elf high priests
  4 ice dragons
  32 vault guards
  2 rakshasas
  12 hydras
  6 naga warriors
  7 centaur warriors
  10 anacondas
  3 ogre magi
  21 dancing weapons
  3 death yaks (Lair:6)
  17 two-headed ogres
  5 alligators
  A vampire mage (Zig:5)
  3 tengu warriors
  11 naga sharpshooters
  2 thrashing horrors (WizLab)
  Urug (Lair:2)
  A sun demon (WizLab)
  4 shock serpents
  20 deep elf knights
  7 orc high priests
  A storm dragon zombie (Vaults:4)
  A spriggan berserker (Depths:2)
  Nergalle (D:11)
  A soul eater (Zig:5)
  A fire crab (shapeshifter) (Vaults:3)
  2 sixfirhies (WizLab)
  8 hell knights (Depths:2)
  4 wizards
  A shadow wraith (Vaults:2)
  2 salamander mystics (Snake:4)
  A spatial maelstrom (Zig:1)
  5 deep trolls
  An unseen horror (D:13)
  2 naga ritualists (Snake:4)
  A flayed ghost (Depths:2)
  6 ironbrand convokers
  5 swamp dragons
  12 deep elf archers
  An orange crystal statue (Vaults:3)
  A sea snake (Zig:4)
  8 orc knights
  A swamp dragon (shapeshifter) (D:14)
  A wolf spider zombie (D:14)
  Pikel (D:6)
  A necromancer (Vaults:4)
  3 phantasmal warriors (Vaults:5)
  An obsidian statue (WizLab)
  A wolf spider (Vaults:3)
  A lindwurm (Lair:6)
  8 salamanders
  3 mana vipers (Snake:4)
  19 ugly things
  A moth of wrath (Zig:8)
  3 oklob plants (Zig:6)
  5 cyclopes
  39 deep elf magi
  A faun (shapeshifter) (Vaults:5)
  14 guardian serpents
  An ice statue (IceCv)
  21 black mambas
  2 vault sentinels (Vaults:5)
  2 manticores
  11 naga magi
  11 spiny frogs
  3 orange demons
  5 spectral swamp worms (Depths:2)
  2 human skeletons (Vaults:4)
  2 gargoyles
  A smoke demon (Depths:1)
  3 rime drakes
  28 yaktaurs
  6 centaur skeletons
  A rime drake (shapeshifter) (Vaults:1)
  A tormentor (Depths:1)
  9 komodo dragons
  7 freezing wraiths
  5 golden dragon simulacra (IceCv)
  2 anaconda simulacra (IceCv)
  6 ice devils (IceCv)
  2 yaktaur skeletons
  A hellwing (WizLab)
  An ancient zyme (WizLab)
  7 trolls
  A polar bear (shapeshifter) (Depths:2)
  7 hornets
  A jumping spider (shapeshifter) (Vaults:4)
  5 merfolk (Zig:4)
  A wolf spider simulacrum (D:15)
  5 polar bears (Lair:6)
  Grinder (D:5)
  A snapping turtle (Zig:4)
  3 tyrant leeches
  20 slime creatures
  9 bog bodies
  A dream sheep (Lair:6)
  3 human simulacra
  12 blink frogs
  11 hippogriffs
  4 wraiths
  A ynoxinul (Depths:1)
  10 spriggans (Lair:6)
  3 shadows (Swamp:4)
  3 air elementals
  2 dire elephant simulacra (IceCv)
  4 water elementals
  2 basilisks
  A fire elemental (Elf:2)
  2 wyverns
  30 yaks
  2 chaos spawn
  A hungry ghost (D:14)
  2 death yak simulacra (IceCv)
  8 vampire mosquitoes
  5 large abominations
  2 harpy simulacra (IceCv)
  26 nagas
  13 swamp worms
  4 wargs
  11 insubstantial wisps
  An iron troll simulacrum (IceCv)
  An acid dragon (D:14)
  2 hydra simulacra (IceCv)
  A spatial vortex (WizLab)
  A hell hound (WizLab)
  6 water moccasins
  7 porcupines
  A swamp drake (Zig:7)
  A sky beast (D:5)
  A slave (D:5)
  34 orc warriors
  An ettin simulacrum (IceCv)
  An ice beast (D:7)
  A hornet zombie (D:11)
  3 black bears
  An eye of draining (D:14)
  3 phantoms
  14 ogres
  4 necrophages
  6 boggarts
  A tengu (shapeshifter) (Vaults:2)
  2 small abominations (WizLab)
  27 wolves
  4 crocodiles
  12 centaurs
  A yaktaur zombie (Zig:1)
  2 big kobolds
  Blork the orc (D:4)
  8 bullfrogs
  A gnoll sergeant (D:10)
  An earth elemental (Elf:1)
  A wyvern skeleton (D:12)
  A water moccasin zombie (D:8)
  A water moccasin skeleton (D:3)
  4 scorpions
  2 elephant simulacra (IceCv)
  6 killer bees (D:9)
  11 wights
  2 electric eels
  6 howler monkeys
  3 crimson imps
  A draconian simulacrum (IceCv)
  4 hounds
  5 jellies
  Crazy Yiuf (D:4)
  46 orc priests
  A bullfrog zombie (D:11)
  18 orc wizards
  A bullfrog skeleton (D:9)
  2 iguanas
  A polar bear simulacrum (IceCv)
  3 troll simulacra (IceCv)
  9 worker ants
  2 killer bee zombies
  A centaur simulacrum (IceCv)
  A hound zombie (D:6)
  2 hound skeletons
  A howler monkey zombie (D:9)
  8 gnolls
  A howler monkey skeleton (D:7)
  An ogre simulacrum (IceCv)
  13 adders
  3 naga simulacra (IceCv)
  3 shadow imps
  4 white imps (IceCv)
  7 ufetubi (IceCv)
  An adder zombie (D:8)
  11 worms (Lair:2)
  A dart slug (D:2)
  5 leopard geckos
  115 orcs
  5 giant cockroaches
  4 goblins
  5 hobgoblins
  8 jackals
  13 kobolds
  2 quokkas
  5 bats
  2 frilled lizards
  A jackal skeleton (D:4)
  A jackal zombie (D:7)
  2 leopard gecko zombies (D:8)
  2 quokka skeletons
  3 rats
  5 crawling corpses (Elf:3)
  3 plants (Lair:2)
  6 spectral weapons
1374 creatures vanquished.

Vanquished Creatures (collateral kills)
  A naga sharpshooter (Snake:4)
  A naga ritualist (Snake:4)
  A black mamba (Snake:4)
  A guardian serpent (Snake:4)
  2 nagas (Snake:4)
  2 orc priests (Orc:1)
8 creatures vanquished.

Vanquished Creatures (others)
  A vampire mage (Zig:6)
  A blink frog (WizLab)
  A sky beast (D:6)
  An orc priest (D:6)
  A white imp (IceCv)
  An adder zombie (D:6)
  3 orcs
  A quokka skeleton (D:6)
  7 fungi
  12 plants
  14 spectral weapons
43 creatures vanquished.

Grand Total: 1425 creatures vanquished

Notes
Turn   | Place    | Note
-------+----------+-------------------------------------------
     0 | D:1      | letownia2 the Merfolk Skald began the quest for the Orb.
     0 | D:1      | Reached XP level 1. HP: 16/16 MP: 3/3
     8 | D:1      | Noticed a death yak
    69 | D:1      | Reached skill level 4 in Polearms
    69 | D:1      | Reached XP level 2. HP: 15/22 MP: 1/5
    82 | D:1      | Learned a level 2 spell: Shroud of Golubria
   158 | D:2      | Noticed a scorpion
   303 | D:2      | Reached skill level 1 in Translocations
   303 | D:2      | Reached XP level 3. HP: 16/27 MP: 0/6
   369 | D:2      | Learned a level 3 spell: Spectral Weapon
   633 | D:2      | Reached XP level 4. HP: 23/33 MP: 7/7
   649 | D:3      | Reached skill level 1 in Hexes
   695 | D:4      | Noticed Blork the orc
   847 | D:3      | Reached skill level 5 in Charms
   847 | D:3      | Reached XP level 5. HP: 32/38 MP: 0/8
   861 | D:3      | Found a deep blue altar of Sif Muna.
   997 | D:4      | Found Zicwidej's Jewellery Boutique.
  1065 | D:4      | Noticed an ogre
  1076 | D:4      | Killed an ogre
  1076 | D:4      | Reached skill level 5 in Polearms
  1076 | D:4      | Reached XP level 6. HP: 25/46 MP: 0/9
  1082 | D:4      | Learned a level 3 spell: Regeneration
  1445 | D:4      | Found a runed door.
  1451 | D:4      | Noticed Crazy Yiuf
  1459 | D:4      | Killed Crazy Yiuf
  1562 | D:4      | Reached skill level 1 in Necromancy
  1587 | D:5      | Entered Level 5 of the Dungeon
  1587 | D:5      | Noticed Grinder
  1592 | D:5      | Noticed a sky beast
  1594 | D:5      | Killed Grinder
  1594 | D:5      | Reached XP level 7. HP: 31/51 MP: 0/11
  1726 | D:4      | Killed Blork the orc
  1846 | D:6      | Noticed Pikel
  1893 | D:5      | Found Worhuha's Weapon Shoppe.
  1909 | D:5      | Reached skill level 6 in Polearms
  1909 | D:5      | Reached XP level 8. HP: 54/57 MP: 13/13
  1982 | D:6      | Killed Pikel
  1982 | D:6      | Reached skill level 8 in Polearms
  2009 | D:5      | Learned a level 2 spell: Song of Slaying
  2153 | D:6      | Reached skill level 9 in Polearms
  2193 | D:6      | Reached XP level 9. HP: 43/62 MP: 0/14
  2218 | D:6      | Reached skill level 10 in Polearms
  2363 | D:6      | Reached skill level 11 in Polearms
  2369 | D:7      | Found Masazywn's Antique Armour Shop.
  2487 | D:6      | Found a staircase to the Ecumenical Temple.
  2499 | Temple   | Entered the Ecumenical Temple
  2543 | Temple   | Became a worshipper of Cheibriados the Contemplative
  2777 | D:7      | Found a sacrificial altar of Ru.
  2870 | D:8      | Reached skill level 12 in Polearms
  2872 | D:8      | Found Qukhy's Weapon Shoppe.
  2915 | D:8      | Found a staircase to the Lair.
  2965 | D:8      | Reached * piety under Cheibriados
  2973 | D:8      | Reached skill level 13 in Polearms
  3061 | D:8      | Got a slimy long sword
  3136 | D:10     | Entered Level 10 of the Dungeon
  3142 | D:10     | Noticed a two-headed ogre
  3170 | D:9      | Found a hazy altar of Hepliaklqana.
  3242 | D:9      | Reached XP level 10. HP: 65/69 MP: 7/15
  3261 | D:9      | Reached skill level 14 in Polearms
  3264 | D:9      | Reached ** piety under Cheibriados
  3427 | D:7      | Bought a dazzling chain mail for 256 gold pieces
  3468 | D:7      | Reached skill level 5 in Fighting
  3501 | D:8      | Identified the +3 chain mail of the Aged Planets {rF+ MR+ rCorr Str-3} (You bought it in a shop on level 7 of the Dungeon)
  3574 | D:9      | Reached skill level 1 in Armour
  4008 | D:10     | Reached *** piety under Cheibriados
  4074 | D:10     | Noticed a gargoyle
  4082 | D:10     | Killed a gargoyle
  4166 | D:11     | Noticed a two-headed ogre
  4172 | D:11     | Killed a two-headed ogre
  4228 | D:11     | Identified the Grimoire of Attacks
  4234 | D:11     | Learned a level 3 spell: Conjure Flame
  4265 | D:11     | Noticed a centaur warrior
  4273 | D:11     | Killed a centaur warrior
  4273 | D:11     | Reached skill level 1 in Conjurations
  4273 | D:11     | Reached skill level 1 in Fire Magic
  4273 | D:11     | Reached XP level 11. HP: 70/81 MP: 12/16
  4419 | D:11     | Noticed a brown ugly thing
  4429 | D:11     | Killed a brown ugly thing
  4470 | D:12     | Reached **** piety under Cheibriados
  4657 | D:12     | Noticed a cyclops
  4670 | D:12     | Killed a cyclops
  4896 | D:12     | Noticed a purple ugly thing
  4904 | D:12     | Killed a purple ugly thing
  4932 | D:11     | Noticed a manticore
  5043 | D:11     | Noticed a six-headed hydra
  5052 | D:11     | Noticed an orc knight
  5052 | D:11     | Killed a six-headed hydra
  5052 | D:11     | Reached skill level 15 in Polearms
  5073 | D:11     | Killed an orc knight
  5121 | D:11     | Noticed Nergalle
  5127 | D:11     | Reached skill level 1 in Invocations
  5140 | D:11     | Killed Nergalle
  5140 | D:11     | Reached skill level 16 in Polearms
  5169 | D:11     | Found Bimamug's Weapon Boutique.
  5171 | D:11     | Found a staircase to the Orcish Mines.
  5215 | Orc:1    | Entered Level 1 of the Orcish Mines
  5235 | Orc:1    | Noticed an orc high priest
  5242 | Orc:1    | Noticed a sun demon
  5248 | Orc:1    | Killed an orc high priest
  5297 | Orc:1    | Reached skill level 5 in Invocations
  5338 | Orc:1    | Reached ***** piety under Cheibriados
  5356 | Orc:1    | Noticed an orc knight
  5385 | Orc:1    | Killed an orc knight
  5385 | Orc:1    | Reached XP level 12. HP: 69/88 MP: 1/19
  5437 | Orc:1    | Found an iron altar of Okawaru.
  5442 | Orc:2    | Entered Level 2 of the Orcish Mines
  5463 | Orc:2    | Noticed a stone giant
  5654 | Orc:2    | Killed a stone giant
  5770 | Orc:2    | Noticed an orc high priest
  5865 | Orc:1    | Killed an orc high priest
  5928 | Orc:2    | Reached skill level 5 in Dodging
  5942 | Orc:2    | Noticed an orc high priest
  5954 | Orc:2    | Killed an orc high priest
  5962 | Orc:2    | Noticed an ettin
  5970 | Orc:2    | Killed an ettin
  5991 | Orc:2    | Reached skill level 10 in Charms
  6138 | Orc:2    | Found Etewn's Gadget Emporium.
  6138 | Orc:2    | Found Faojy's Magic Scroll Shop.
  6140 | Orc:2    | Noticed an orc high priest
  6151 | Orc:2    | Noticed a sun demon
  6153 | Orc:2    | Killed an orc high priest
  6158 | Orc:2    | Bought a scroll of blinking for 127 gold pieces
  6194 | Orc:2    | Reached ****** piety under Cheibriados
  6195 | Orc:2    | Noticed an orc high priest
  6203 | Orc:2    | Killed an orc high priest
  6209 | Orc:2    | Found a roughly hewn altar of Beogh.
  6218 | Orc:2    | Found Ysurof's Jewellery Emporium.
  6218 | Orc:2    | Found Zoarick's Book Shop.
  6304 | Orc:2    | Found a staircase to the Elven Halls.
  6538 | Orc:2    | Bought the ring "Bunuakla" {Wiz rN+ Slay+3} for 699 gold pieces
  6650 | Orc:2    | Noticed an orc high priest
  6656 | Orc:2    | Killed an orc high priest
  6657 | Orc:2    | Noticed an orc high priest
  6664 | Orc:2    | Killed an orc high priest
  6664 | Orc:2    | Reached XP level 13. HP: 95/95 MP: 15/20
  7145 | D:14     | Reached skill level 10 in Dodging
  7258 | D:14     | Noticed a vault guard
  7261 | D:14     | Noticed a vault guard
  7262 | D:14     | Noticed a vault guard
  7264 | D:14     | Noticed a vault guard
  7267 | D:14     | Noticed a vault guard
  7273 | D:14     | Killed a vault guard
  7277 | D:14     | Noticed a vault guard
  7291 | D:14     | Killed a vault guard
  7296 | D:14     | Killed a vault guard
  7306 | D:14     | Killed a vault guard
  7314 | D:14     | Killed a vault guard
  7322 | D:14     | Killed a vault guard
  7323 | D:14     | Noticed a vault guard
  7331 | D:14     | Killed a vault guard
  7358 | D:14     | Found a gate to the Vaults.
  7579 | Lair:1   | Entered Level 1 of the Lair of Beasts
  7595 | Lair:2   | Reached skill level 10 in Fighting
  7705 | Lair:2   | Found a staircase to the Swamp.
  7975 | Lair:5   | Noticed hadoken's ghost (journeyman GrIE)
  7986 | Lair:5   | Killed hadoken's ghost
  7986 | Lair:5   | Reached XP level 14. HP: 108/111 MP: 12/21
  8039 | Lair:5   | Got a scorched scale mail
  8055 | Lair:5   | Identified the +4 scale mail "Giki" {rF+ Dex+2 Stlth+} (You found it on level 5 of the Lair of Beasts)
  8067 | Lair:6   | Entered Level 6 of the Lair of Beasts
  8086 | Lair:6   | Reached skill level 17 in Polearms
  8177 | Lair:6   | Reached skill level 18 in Polearms
  8194 | Lair:6   | Learned a level 1 spell: Animate Skeleton
  8198 | Lair:6   | Learned a level 1 spell: Summon Small Mammal
  8232 | Lair:6   | Paralysed by a hornet for 1 turns
  8448 | Lair:6   | Found a staircase to the Slime Pits.
  8504 | Lair:6   | Paralysed by a hornet for 3 turns
  8508 | Lair:6   | Reached skill level 19 in Polearms
  9112 | Lair:5   | Reached skill level 20 in Polearms
  9220 | Lair:3   | Got a slimy flail
  9221 | Lair:3   | Identified the +4 flail of Ruonamu {crush, rPois Int+6 Dex+7} (You found it on level 3 of the Lair of Beasts)
  9351 | Lair:3   | Found a staircase to the Snake Pit.
  9499 | Swamp:1  | Entered Level 1 of the Swamp
  9685 | Lair:2   | Reached skill level 21 in Polearms
  9699 | Lair:2   | Noticed Urug
  9706 | Lair:2   | Killed Urug
  9794 | Lair:2   | Reached XP level 15. HP: 117/117 MP: 16/22
 10911 | D:14     | Reached skill level 22 in Polearms
 11073 | D:15     | Entered Level 15 of the Dungeon
 11491 | D:15     | Reached skill level 23 in Polearms
 11503 | D:15     | Found a staircase to the Depths.
 11693 | Orc:2    | Bought the amulet of Unaer {Faith Fragile rF+ rC+ Str-2 Int+6} for 829 gold pieces
 11918 | Swamp:3  | Found a frozen archway.
 11960 | IceCv    | Entered an ice cave
 12551 | Swamp:4  | Entered Level 4 of the Swamp
 12639 | Swamp:4  | Noticed the 27-headed Lernaean hydra
 12647 | Swamp:4  | Killed the 26-headed Lernaean hydra
 12647 | Swamp:4  | Reached skill level 24 in Polearms
 12647 | Swamp:4  | Reached XP level 16. HP: 11/123 MP: 11/23
 12648 | Swamp:4  | HP: 5/123 [seven-headed hydra (4)]
 12657 | Swamp:4  | Noticed a thorn hunter
 12797 | Swamp:4  | Killed a thorn hunter
 12961 | Swamp:4  | Reached skill level 25 in Polearms
 13135 | Swamp:4  | Got a decaying rune of Zot
 13315 | Snake:1  | Entered Level 1 of the Snake Pit
 13655 | Snake:4  | Entered Level 4 of the Snake Pit
 13676 | Snake:4  | Reached skill level 26 in Polearms
 13717 | Snake:4  | Reached skill level 5 in Spellcasting
 13790 | Snake:4  | Noticed a nagaraja
 13951 | Snake:4  | Found an opulent altar of Gozag.
 14200 | Snake:4  | Reached XP level 17. HP: 123/130 MP: 17/25
 14892 | Snake:4  | Reached skill level 10 in Invocations
 14967 | Snake:4  | Got a serpentine rune of Zot
 15507 | Vaults:1 | Entered Level 1 of the Vaults
 15547 | Vaults:2 | Found a magical portal.
 15578 | WizLab   | Entered The Roulette of Golubria
 15578 | WizLab   | Found a transporter.
 15584 | WizLab   | Found a corrupted altar of Lugonu.
 15614 | WizLab   | Found a transporter.
 15647 | WizLab   | Found a transporter.
 15659 | WizLab   | Found a transporter.
 15663 | WizLab   | Noticed a tentacled monstrosity
 15696 | WizLab   | Found a transporter.
 15753 | WizLab   | Found a transporter.
 15773 | WizLab   | Found a transporter.
 15773 | WizLab   | Found a transporter.
 15782 | WizLab   | Found a transporter.
 15806 | WizLab   | Found a transporter.
 15806 | WizLab   | Found a transporter.
 15825 | WizLab   | Found a transporter.
 15825 | WizLab   | Found a transporter.
 15858 | WizLab   | Found a transporter.
 15868 | WizLab   | Killed a tentacled monstrosity
 15868 | WizLab   | Reached XP level 18. HP: 59/141 MP: 22/28
 15880 | WizLab   | Identified the Incunabulum of the Compass
 15926 | WizLab   | Found a transporter.
 15926 | WizLab   | Found a transporter.
 15936 | WizLab   | Identified Golubria's Disquisition on Displacement
 15941 | WizLab   | Learned a level 2 spell: Blink
 15952 | WizLab   | Found a transporter.
 15952 | WizLab   | Found a transporter.
 15978 | WizLab   | Found the +2 cloak of the Thief {+Fog Slay-2 SInv Stlth+}
 16009 | WizLab   | Got a faintly glowing cloak
 16016 | WizLab   | Got a faintly glowing cloak
 16029 | WizLab   | Identified the +0 cloak of the King of the Hill {*Corrode Str+2 Int+4 Dex+2} (You found it in a wizard's laboratory)
 16040 | WizLab   | Identified the +2 cloak "Detuisec" {rPois rC+} (You found it in a wizard's laboratory)
 16089 | WizLab   | Found a transporter.
 16089 | WizLab   | Found a transporter.
 16242 | Vaults:2 | Paralysed by a sphinx for 4 turns
 16327 | Vaults:2 | Reached skill level 15 in Dodging
 16381 | Vaults:2 | Learned a level 3 spell: Portal Projectile
 16388 | Vaults:2 | Learned a level 4 spell: Passage of Golubria
 16807 | Vaults:3 | Noticed Sojobo
 16819 | Vaults:3 | Killed Sojobo
 17120 | Vaults:2 | Found Ebeaxe's Distillery.
 17289 | Elf:1    | Entered Level 1 of the Elven Halls
 17308 | Elf:1    | Reached XP level 19. HP: 136/153 MP: 29/29
 17355 | Elf:1    | Noticed a Brimstone Fiend
 17512 | Elf:2    | Found a runed gate.
 17512 | Elf:2    | Found a runed gate.
 17512 | Elf:2    | Found a runed gate.
 17523 | Elf:2    | Reached skill level 15 in Fighting
 17638 | Elf:2    | Gained mutation: You are frail. (-10% HP) [a neqoxec]
 17668 | Elf:2    | Lost mutation: You are frail. (-10% HP) [potion of mutation]
 17668 | Elf:2    | Gained mutation: Scrolls take you a little longer to read. [potion of mutation]
 17668 | Elf:2    | Gained mutation: Your flesh is heat resistant. (rF+) [potion of mutation]
 17668 | Elf:2    | Gained mutation: You are surrounded by a mild repulsion field. (EV +2) [potion of mutation]
 17874 | Elf:3    | Entered Level 3 of the Elven Halls
 17998 | Elf:3    | Found Watecs's Assorted Antiques.
 18694 | Elf:3    | Reached XP level 20. HP: 152/166 MP: 8/30
 18976 | Elf:3    | Identified a scroll of acquirement
 18981 | Elf:3    | Got a pitted halberd
 18982 | Elf:3    | Identified the +7 halberd of the Eggplant {chop, *Noise rElec Stlth+} (You acquired it on level 3 of the Elven Halls)
 19000 | Elf:3    | Got a pitted turquoise ring
 19049 | Elf:3    | Found the +0 Maxwell's etheric cage {RegenMP+ *Contam rElec MP+4}
 19062 | Elf:3    | Identified the ring "Kuikaeni" {rN+ EV+2} (You took it off a deep elf demonologist on level 3 of the Elven Halls)
 19072 | Elf:3    | Found the +2 pair of boots of the Assassin {Detection Stab+ Stlth++}
 19086 | Elf:3    | Identified Sif Muna's Incunabulum of Burning Shape Shifting
 19094 | Elf:3    | Got a heavily runed golden amulet
 19107 | Elf:3    | Learned a level 6 spell: Deflect Missiles
 19108 | Elf:3    | Identified the Reference Book on Congealing Feathers
 19256 | Elf:3    | Learned a level 2 spell: Sublimation of Blood
 19769 | Vaults:5 | Entered Level 5 of the Vaults
 19858 | Vaults:4 | Reached skill level 1 in Air Magic
 20097 | Vaults:5 | Noticed a golden dragon
 20118 | Vaults:4 | Killed a golden dragon
 20624 | Vaults:5 | Identified the amulet of Ephemeral Luck {+Rage rElec} (You found it on level 3 of the Elven Halls)
 20685 | Vaults:5 | Reached XP level 21. HP: 176/176 MP: 31/31
 20829 | Vaults:5 | Reached skill level 5 in Air Magic
 20903 | Vaults:5 | Noticed a golden dragon
 20910 | Vaults:5 | Noticed an ancient lich
 20923 | Vaults:5 | HP: 3/177 [heavily etched metal wall collision (24)]
 20941 | Vaults:5 | Killed a golden dragon
 21015 | Vaults:5 | Killed an ancient lich
 21303 | Vaults:5 | Noticed a golden dragon
 21582 | Vaults:5 | Killed a golden dragon
 21641 | Vaults:5 | Found the +7 Kryia's mail coat {PotionHeal*2 rC+}
 21645 | Vaults:5 | Got a silver rune of Zot
 21646 | Vaults:5 | Noticed an ancient lich
 21654 | Vaults:5 | Killed an ancient lich
 21796 | Vaults:5 | Got a faintly glowing turquoise ring
 21798 | Vaults:5 | Identified the ring of the Death Scarab {rPois rC+ MR++} (You acquired it on level 5 of the Vaults)
 22040 | Depths:1 | Entered Level 1 of the Depths
 22090 | Depths:1 | Found a one-way gate leading to the halls of Pandemonium.
 22151 | Depths:2 | Lost mutation: Scrolls take you a little longer to read. [potion of mutation]
 22151 | Depths:2 | Lost mutation: You are surrounded by a mild repulsion field. (EV +2) [potion of mutation]
 22151 | Depths:2 | Gained mutation: Your flesh is very heat resistant. (rF++) [potion of mutation]
 22151 | Depths:2 | Gained mutation: You are clumsy. (Dex -2) [potion of mutation]
 22151 | Depths:2 | Gained mutation: You are resistant to hostile enchantments. (MR+) [potion of mutation]
 22300 | Depths:2 | Reached XP level 22. HP: 171/187 MP: 32/32
 22326 | Depths:2 | Found a gateway to a ziggurat.
 22351 | Zig:1    | Entered Level 1 of a ziggurat
 22377 | Zig:2    | Entered Level 2 of a ziggurat
 22407 | Zig:3    | Entered Level 3 of a ziggurat
 22439 | Zig:4    | Entered Level 4 of a ziggurat
 22485 | Zig:4    | Learned a level 3 spell: Mephitic Cloud
 22486 | Zig:4    | Identified the Handbook of Fire and the Compass
 22497 | Zig:5    | Entered Level 5 of a ziggurat
 22528 | Zig:5    | Got a flickering copper ring
 22567 | Zig:6    | Entered Level 6 of a ziggurat
 22584 | Zig:6    | Noticed an ancient lich
 22593 | Zig:6    | Reached skill level 5 in Armour
 22604 | Zig:6    | Cast into level 3 of the Abyss (reaper)
 22604 | Abyss:3  | Found a corrupted altar of Lugonu.
 22648 | Zig:6    | Escaped the Abyss
 22668 | Zig:6    | Killed an ancient lich
 22669 | Zig:6    | Identified the Tome of Air and Changing
 22674 | Zig:6    | Identified Tissar's Compendium of Enthralling Dislocation
 22691 | Zig:7    | Entered Level 7 of a ziggurat
 22765 | Zig:7    | Identified the ring of the Real Monster {+Inv rElec rF+ rC+ SInv} (You found it on level 5 of a ziggurat)
 22769 | Zig:8    | Entered Level 8 of a ziggurat
 22775 | Zig:8    | Noticed a juggernaut
 22780 | Zig:8    | Noticed a juggernaut
 22793 | Zig:8    | Demolished by an orc warlord

Skill      XL: |  1  2  3  4  5  6  7  8  9 10 11 12 13 14 15 16 17 18 19 20 21 22 |
---------------+-------------------------------------------------------------------+-----
Polearms       | 4 5 6 9 13 14 16 21 24 26 | 26.0
Translocations | 1 3 |  3.4
Charms         | 4 5 6 7 10 12 | 12.8
Hexes          | 1 |  1.4
Necromancy     | 2 3 4 |  4.9
Spellcasting   | 3 4 5 6 8 |  8.8
Evocations     | 4 |  4.7
Fighting       | 6 10 12 14 16 17 19 | 19.4
Dodging        | 4 8 12 13 14 16 19 20 22 | 22.4
Armour         | 2 3 4 5 |  5.8
Conjurations   | 1 2 |  2.8
Fire Magic     | 1 2 |  2.5
Invocations    | 6 8 10 | 10.8
Air Magic      | 4 5 |  5.0

Action                   |  1- 3 |  4- 6 |  7- 9 | 10-12 | 13-15 | 16-18 | 19-21 | 22-24 || total
-------------------------+-------+-------+-------+-------+-------+-------+-------+-------++-------
Melee: Spear             |   110 |   145 |    30 |       |       |       |       |       ||   285
       Quarterstaff      |       |     5 |     5 |       |       |       |       |       ||    10
       Glaive            |       |       |    34 |     6 |   412 |       |       |       ||   452
       Trident           |       |       |   233 |   237 |       |       |       |       ||   470
       Unarmed           |       |       |     7 |       |       |       |       |       ||     7
       Halberd           |       |       |       |   451 |   342 |       |       |       ||   793
       Bardiche          |       |       |       |       |   262 |   934 |  1137 |   174 ||  2507
       Flail             |       |       |       |       |     5 |       |       |       ||     5
       Tailslap          |       |       |       |       |    19 |     9 |       |       ||    28
       Demon trident     |       |       |       |       |    22 |    28 |       |       ||    50
 Cast: Infusion          |    11 |     6 |       |       |       |       |       |       ||    17
       Shroud of Golubri |     1 |    14 |    17 |    21 |     8 |       |    10 |       ||    71
       Spectral Weapon   |     1 |     6 |    16 |    38 |    36 |    19 |     8 |     1 ||   125
       Regeneration      |       |     4 |     3 |    26 |    40 |    93 |    78 |    16 ||   260
       Song of Slaying   |       |       |     2 |    10 |    15 |    10 |    23 |     2 ||    62
       Conjure Flame     |       |       |       |     9 |    27 |     6 |    17 |       ||    59
       Animate Skeleton  |       |       |       |       |       |    13 |       |       ||    13
       Blink             |       |       |       |       |       |     1 |     6 |     3 ||    10
       Deflect Missiles  |       |       |       |       |       |       |     1 |     2 ||     3
       Mephitic Cloud    |       |       |       |       |       |       |       |     1 ||     1
Invok: Slouch            |       |       |       |     3 |     7 |    13 |    19 |     9 ||    51
       Temporal Distorti |       |       |       |     1 |     1 |     4 |     1 |       ||     7
       Step From Time    |       |       |       |       |       |       |     1 |       ||     1
 Abil: Evoke Invisibilit |       |       |     2 |     2 |     2 |       |       |       ||     6
Evoke: Wand              |       |    18 |     3 |     5 |    11 |    16 |     5 |     2 ||    60
       Box of beasts     |       |       |       |     1 |       |       |       |       ||     1
       Lamp of fire      |       |       |       |       |     1 |     1 |     1 |       ||     3
  Use: Potion            |       |     3 |       |     1 |     2 |     8 |     7 |       ||    21
       Scroll            |       |       |     9 |     2 |    23 |    14 |    14 |     2 ||    64
 Stab: Sleeping          |       |     1 |       |       |       |     1 |       |       ||     2
       Distracted        |       |     1 |     1 |     7 |     8 |     9 |     1 |       ||    27
       Invisible         |       |       |     3 |     6 |     3 |       |     1 |       ||    13
       Paralysed         |       |       |       |       |       |     9 |       |       ||     9
  Eat: Chunk             |       |     5 |     7 |    13 |    15 |    11 |     9 |     2 ||    62
       Ration            |       |       |     1 |       |     1 |     1 |     5 |     5 ||    13
Armor: Leather armour    |    24 |    57 |    87 |     3 |       |       |       |       ||   171
       Ring mail         |       |       |       |    40 |       |       |       |       ||    40
       Chain mail        |       |       |       |    66 |   295 |    79 |   259 |    37 ||   736
       Swamp dragon scal |       |       |       |       |       |    59 |       |       ||    59
Dodge: Dodged            |    52 |    77 |   164 |   318 |   883 |   896 |  1042 |   236 ||  3668
       Deflected         |       |       |       |       |       |       |    14 |    12 ||    26
